 Dungeon Crawl Stone Soup version 0.23.2-33-g5129a83184 (webtiles) character file.

Game seed: 15310280695101262436

172 Liat the Shield-Bearer (level 5, 0/41 HPs)
             Began as a Human Fighter on Aug 8, 2019.
             Slain by Natasha (5 damage)
             ... on level 4 of the Dungeon.
             The game lasted 00:27:55 (3145 turns).

Liat the Shield-Bearer (Human Fighter)              Turns: 3145, Time: 00:27:56

Health: 0/41       AC: 11    Str: 17      XL:     5   Next: 83%
Magic:  5/5        EV:  3    Int:  9      God:
Gold:   185        SH:  9    Dex:  9 (12) Spells: 4/4 levels left

rFire    . . .     SeeInvis .   i - +0 hand axe
rCold    . . .     Gourm    .   c - +0 shield
rNeg     . . .     Faith    .   p - +0 plate armour
rPois    .         Spirit   .   (no helmet)
rElec    .         Reflect  .   (no cloak)
rCorr    .         Harm     .   (no gloves)
MR       .....                  (no boots)
Stlth    ..........             (no amulet)
HPRegen  0.13/turn              (no ring)
MPRegen  0.09/turn              (no ring)

@: no status effects
A: no striking features
a: no special abilities


You were on level 4 of the Dungeon.
You were very hungry.

You visited 1 branch of the dungeon, and saw 4 of its levels.

You collected 185 gold pieces.

Inventory:

Hand Weapons
 a - a +0 war axe
 h - a +0 club
 i - a +0 hand axe (weapon)
 k - a +0 dagger
 v - a +2 flail of holy wrath
Missiles
 g - 38 sling bullets
 y - 2 tomahawks (quivered)
Armour
 b - a +0 scale mail
 c - a +0 shield (worn)
 j - a +0 ring mail
 l - a +0 chain mail
 p - a +0 plate armour (worn)
 t - a +0 buckler
Scrolls
 e - 4 scrolls of identify {unknown}
 q - a scroll of fog {unknown}
 s - a scroll of immolation {unknown}
 u - 4 scrolls of teleportation {unknown}
Potions
 d - a potion of might
 n - 2 potions of curing
 o - a potion of degeneration {unknown}
 r - a potion of haste {unknown}
 w - 2 potions of lignification {unknown}
 x - a potion of agility {unknown}
Comestibles
 f - 6 rations


   Skills:
 + Level 3.5 Fighting
 + Level 3.2 Axes
 + Level 3.9 Armour
 + Level 1.3 Dodging
 + Level 4.0 Shields


You had 4 spell levels left.
You didn't know any spells.
Your spell library contained the following spells:

 Spells                   Type           Power        Failure   Level  Hunger
 Magic Dart               Conj           #...         100%        1    ##.....
 Blink                    Tloc           N/A          100%        2    ###....
 Call Imp                 Summ           #.......     100%        2    ###....
 Slow                     Hex            #.......     100%        2    ###....
 Conjure Flame            Conj/Fire      #.......     100%        3    ####...
 Mephitic Cloud           Conj/Pois/Air  #.......     100%        3    ####...


Dungeon Overview and Level Annotations

Branches:
Dungeon (4/15)
 Temple: D:4-7

Altars:

Annotations:
D:4 Eustachio, Natasha


Message History

You closely miss Natasha.
Natasha is heavily wounded.
Your shield and plate armour prevent you from hitting the quokka.
The quokka bites you.
* * * LOW HITPOINT WARNING * * *
Natasha claws you but does no damage.
You completely miss Natasha.
Natasha is heavily wounded.
You hit the quokka.
The quokka bites you but does no damage.
Natasha claws you.
* * * LOW HITPOINT WARNING * * *
The quokka barely misses you.
Eustachio gestures wildly while chanting.
Eustachio blinks!
You closely miss Natasha.
Natasha is heavily wounded.
You closely miss the quokka.
The rat disappears in a puff of smoke!
Natasha claws you.
You die...

### ... .5. #5#
#l# #h# #@#
#r#### #r§..# #
####r# #
#.######.#>#
##..<...rr$.#
...........#r###
##.#######(#r#
...%...........


You could see an iguana, 2 iron imps, Natasha, a river rat and a quokka.

Vanquished Creatures
  An orc wizard (D:2)
  An orc priest (D:2)
  A gnoll (D:1)
  3 adders
  2 oozes
  A worm (D:2)
  A dart slug (D:1)
  3 leopard geckos
  7 orcs
  A ball python (D:1)
  4 bats (D:1)
  A giant cockroach (D:1)
  7 goblins
  7 hobgoblins
  2 quokkas
  3 frilled lizards
  5 kobolds
  A quokka skeleton (D:2)
  7 rats
58 creatures vanquished.

Notes
Turn   | Place    | Note
-------+----------+-------------------------------------------
     0 | D:1      | Liat the Human Fighter began the quest for the Orb.
     0 | D:1      | Reached XP level 1. HP: 18/18 MP: 1/1
   128 | D:1      | Reached XP level 2. HP: 10/24 MP: 2/2
   217 | D:1      | Reached XP level 3. HP: 20/29 MP: 3/3
  1205 | D:2      | Reached skill level 1 in Dodging
  1205 | D:2      | Reached XP level 4. HP: 3/35 MP: 4/4
  1265 | D:2      | Reached XP level 5. HP: 33/41 MP: 5/5
  2393 | D:3      | Reached skill level 4 in Shields
  3004 | D:4      | Noticed Eustachio
  3118 | D:4      | Noticed Natasha
  3145 | D:4      | Slain by Natasha

Skill      XL: |  1  2  3  4  5 |
---------------+----------------+-----
Dodging        | 1 |  1.3
Axes           | 3 |  3.2
Shields        | 4 |  4.0
Fighting       | |  3.5
Armour         | |  3.9

Action                   |  1- 3 |  4- 6 || total
-------------------------+-------+-------++-------
Melee: Hand axe          |   107 |   298 ||   405
       War axe           |     7 |       ||     7
Throw: Tomahawk          |       |     2 ||     2
  Use: Potion            |       |     3 ||     3
  Eat: Ration            |     1 |     1 ||     2
Armor: Scale mail        |    10 |       ||    10
       Chain mail        |    33 |       ||    33
       Plate armour      |    22 |   225 ||   247
Dodge: Dodged            |    24 |    38 ||    62
Block: Shield            |    67 |   169 ||   236
